 Dungeon Crawl Stone Soup version 0.17-a0-1311-gbcbd859 (webtiles) character file.

262 Kidiri the Sneak (level 5, -2/25 HPs)
             Began as a Spriggan Enchanter on June 8, 2015.
             Killed from afar by an orc wizard (11 damage)
             ... with a magic dart
             ... on level 3 of the Dungeon.
             The game lasted 00:19:45 (3166 turns).

Kidiri the Sneak (Spriggan Enchanter)               Turns: 3166, Time: 00:19:45

Health: -2/25      AC:  3    Str:  4    XL:     5   Next: 97%
Magic:  0/10       EV: 20    Int: 16    God:
Gold:   204        SH:  7    Dex: 18    Spells: 4 memorised, 1 level left

rFire  . . .     SeeInvis +     a - +1 dagger
rCold  . . .     Clarity  .     b - +1 robe
rNeg   . . .     SustAt   .     k - +1 buckler
rPois  .         Gourm    .     (helmet restricted)
rElec  .         Spirit   .     (no cloak)
rCorr  .         Warding  .     (gloves unavailable)
rMut   .         Rnd*Tele +     (boots unavailable)
MR     .....                    (no amulet)
Stlth  ++++......               g - ring of teleportation (curse)
                                o - ring of flight

@: very quick, not resistant to hostile enchantments, stealthy
A: unfitting armour, see invisible, herbivore 3, speed 3, slow metabolism 2
a: Evoke Flight, Evoke Teleportation


You were on level 3 of the Dungeon.
You were hungry.

You visited 1 branch of the dungeon, and saw 4 of its levels.

You collected 204 gold pieces.

Inventory:

Hand weapons
 a - a +1 dagger (weapon)
 f - a +0 short sword
Missiles
 e - 29 poisoned needles
Armour
 b - a +1 robe (worn)
 k - a +1 buckler (worn)
Jewellery
 g - a cursed ring of teleportation (right hand)
 i - an uncursed ring of ice
 o - a ring of flight (left hand)
Magical devices
 l - a wand of slowing (36)
Scrolls
 j - 2 scrolls of amnesia
 p - 2 scrolls of teleportation
Potions
 h - a potion of cancellation
 n - a potion of brilliance
 q - a potion of flight
Books
 c - a book of Maledictions

   Spells                             Type                      Level
   a - Corona                         Hexes                        1
   b - Ensorcelled Hibernation        Hexes/Ice                    2
   c - Confuse                        Hexes                        3
   d - Tukima's Dance                 Hexes                        3
   e - Dazzling Spray                 Conjuration/Hexes            3
Comestibles
 d - 2 bread rations
 m - 2 fruits


   Skills:
 + Level 1.1 Fighting
 * Level 2.5 Short Blades
 * Level 4.7 Dodging
 * Level 6.4 Stealth
 + Level 0.9 Shields
 + Level 3.2 Spellcasting
 + Level 4.1 Hexes
 + Level 1.0 Ice Magic
 + Level 0.6 Evocations


You had one spell level left.
You knew the following spells:

 Your Spells              Type           Power        Failure   Level  Hunger
a - Corona                Hex            ###....      8%          1    None
b - Ensorcelled Hibernat  Hex/Ice        ##....       17%         2    ##.....
c - Confuse               Hex            ###.....     21%         3    ###....
d - Tukima's Dance        Hex            ###.....     21%         3    ###....


Dungeon Overview and Level Annotations

Branches:
Dungeon (4/15)
 Temple: D:4-7

Altars:
Elyvilon
Fedhas
Okawaru
Ru

Annotations:
D:4 Dowan, Duvessa


Innate Abilities, Weirdness & Mutations

You are tiny and cannot use many weapons and most armour.
You have supernaturally acute eyesight.
You are a herbivore.
You cover ground extremely quickly.
You need consume almost no food.


Message History

The magic dart hits you! You block the orc wizard's attack.
You hit the orc wizard.
The orc wizard is heavily wounded.
The orc wizard casts a spell.
The orc wizard blinks!
There is a stone staircase leading down here.
You start resting.
The orc wizard gestures at you while chanting.
The magic dart hits you!
Casting: Corona
Confirm with . or Enter, or press ? or * to list all spells.
Aiming: Ensorcelled Hibernation
Press: ? - help, Shift-Dir - straight line, f/p - orc wizard
Aim: an orc wizard, wielding a dagger and wearing a robe (heavily wounded, fast, chance to defeat MR: 41%)
The orc wizard resists with some effort.
You hit the orc wizard but do no damage.
The orc wizard is heavily wounded.
The orc wizard gestures at you while chanting.
The magic dart hits you!
You die...

#.......# #.#####.###########
#.# #.#.........##### ###.###
#%#.#######.#...#
#....)###.#..#o.........#
#.#.#............##.#...#
#.#.#####.......>##.##.######
#.#.......#...#####.##.##...#
#.#########...[o@...##....#)#
...## ##.############...#
.#..# #.# ##.## ###.# ##'##
#.# .#..# ##...## #.# ...##
##.....## ### #.# #.%##
##.......## ##.###.#
#...####.........####...##.#
.......'.........'.......#.###


You could see an orc wizard.

Vanquished Creatures
  A centaur (D:3)
  A hound (D:4)
  Ijyb (D:2)
  3 gnolls (D:3)
  4 adders
  3 worms
  4 giant geckos
  2 orcs (D:4)
  6 hobgoblins
  4 jackals (D:3)
  A quokka (D:3)
  A ball python (D:1)
  8 bats
  2 giant newts (D:2)
  4 goblins
  6 kobolds
  8 rats
59 creatures vanquished.

Notes
Turn   | Place    | Note
--------------------------------------------------------------
     0 | D:1      | Kidiri the Spriggan Enchanter began the quest for the Orb.
     0 | D:1      | Reached XP level 1. HP: 9/9 MP: 5/5
   423 | D:1      | Reached XP level 2. HP: 13/13 MP: 6/6
   427 | D:1      | Learned a level 2 spell: Ensorcelled Hibernation
   753 | D:2      | Found a sacrificial altar of Ru.
   799 | D:2      | Noticed Ijyb
   806 | D:2      | Killed Ijyb
   806 | D:2      | Reached skill level 5 in Stealth
   806 | D:2      | Reached XP level 3. HP: 16/16 MP: 5/8
  1291 | D:2      | Found a blossoming altar of Fedhas.
  1292 | D:2      | Found an iron altar of Okawaru.
  1692 | D:3      | Reached XP level 4. HP: 21/21 MP: 2/9
  1703 | D:3      | Learned a level 3 spell: Confuse
  2192 | D:3      | Reached skill level 6 in Stealth
  2271 | D:3      | Noticed a centaur
  2292 | D:3      | Killed a centaur
  2292 | D:3      | Reached skill level 1 in Fighting
  2292 | D:3      | Reached skill level 1 in Ice Magic
  2292 | D:3      | Reached XP level 5. HP: 14/25 MP: 1/10
  2297 | D:3      | Learned a level 3 spell: Tukima's Dance
  2908 | D:4      | Found a white marble altar of Elyvilon.
  2911 | D:4      | Noticed Dowan
  2914 | D:4      | Noticed Duvessa
  3166 | D:3      | Killed from afar by an orc wizard

Vault maps used:
D:1:      evilmike_arrival_run_for_it
D:2:      minitemple, amethyst_killhole, nicolae_ru_awakened_eye, uniq_iyjb
D:4:      elyvilon_altar_3, serial_park_tiny_pond, uniq_duvessa

Action                   |  1- 3 |  4- 6 || total
-------------------------+-------+-------++-------
Melee: Dagger            |    54 |    83 ||   137
 Cast: Corona            |     6 |     1 ||     7
       Ensorcelled Hiber |     8 |    17 ||    25
       Confuse           |       |     2 ||     2
  Use: Potion            |     5 |       ||     5
       Scroll            |     3 |     5 ||     8
 Stab: Sleeping          |    17 |    19 ||    36
       Distracted        |     1 |       ||     1
       Confused          |       |     2 ||     2
  Eat: Fruit             |       |     1 ||     1
